 Dungeon Crawl Stone Soup version 0.27-a0-1374-gc14e5d3922 (webtiles) character file.

Game seed: 6448066258596167750

43 Ijustatesigmund the Skirmisher (level 3, 0/26 HPs)
             Began as an Octopode Fighter on June 29, 2021.
             Slain by a gnoll (8 damage)
             ... on level 2 of the Dungeon.
             The game lasted 00:00:53 (1166 turns).

Ijustatesigmund the Skirmisher (Octopode Fighter)   Turns: 1166, Time: 00:00:53

Health: 0/26       AC:  1    Str: 15    XL:     3   Next: 58%
Magic:  3/3        EV: 11    Int: 10    God:
Gold:   74         SH:  8    Dex: 12    Spells: 2/2 levels left

rFire    . . .     SeeInvis .   a - +0 war axe
rCold    . . .     Faith    .   b - +0 kite shield
rNeg     . . .     Spirit   .   (helmet restricted)
rPois    .         Reflect  .   (no amulet)
rElec    .         Harm     .   (no ring)
rCorr    .         Rampage  .   (no ring)
Will     .....                  (no ring)
Stlth    ++........             (no ring)
HPRegen  0.08/turn              (no ring)
MPRegen  0.08/turn              (no ring)
                                (no ring)
                                (no ring)

@: mighty
A: almost no armour, amphibious, 8 rings, camouflage 1, gelatinous body 1,
(nimble swimmer 1), tentacles
a: no special abilities


You were on level 2 of the Dungeon.
You visited 1 branch of the dungeon, and saw 2 of its levels.

You collected 74 gold pieces.

Inventory:

Hand Weapons
 a - a +0 war axe (weapon)
Armour
 b - a +0 kite shield (worn)
Jewellery
 e - a ring of flight
Scrolls
 d - a scroll of blinking {unknown}
 f - a scroll of vulnerability {unknown}
 g - a scroll of enchant weapon {unknown}


   Skills:
 + Level 3.3 Fighting
 * Level 2.8 Axes
 + Level 3.3 Dodging
 + Level 3.3 Shields


You had 2 spell levels left.
You didn't know any spells.
Your spell library was empty.

Dungeon Overview and Level Annotations

Branches:
Dungeon (2/15)

Altars:


Innate Abilities, Weirdness & Mutations

You cannot wear most types of armour.
You are amphibious.
You can wear up to eight rings at the same time.
Your skin changes colour to match your surroundings (Stealth+).
Your rubbery body absorbs attacks. (AC +1, EV +1)
((You are camouflaged near water. (Stealth+)))
You have tentacles for arms and can constrict up to eight enemies at once.


Message History

A kobold comes into view. It is wielding a +0 dagger.
The kobold shouts!
A bat comes into view.
The kobold hits you with a +0 dagger.
Found a scroll labelled NIUCVY WUGIMAOTIUTT.
You completely miss the kobold. Your grab misses the kobold.
The kobold barely misses you.
You barely miss the kobold. You grab the kobold. You constrict the kobold.
You kill the kobold!
The bat barely misses you. You block the bat's attack.
You slash the bat!
You kill the bat!
No target in view!
No target in view!
No target in view!
HP restored.
You see here a +0 dagger.
g - a scroll labelled NIUCVY WUGIMAOTIUTT A gnoll comes into view.
It is wielding a +0 spear.
A gnoll comes into view.
It is wielding a +0 club. 2 gnolls come into view.
The gnoll shouts! x4
The gnoll barely misses you. You block the gnoll's attack.
You closely miss the gnoll. You grab the gnoll. You squeeze the gnoll.
The gnoll is heavily wounded.
You slash the gnoll! You hit the gnoll. You constrict the gnoll.
The gnoll barely misses you. The gnoll hits you with a +0 spear.
The gnoll barely misses you.
You hit the gnoll but do no damage.
The gnoll is severely wounded.
You closely miss the gnoll. You barely miss the gnoll.
You hit the gnoll but do no damage. You constrict the gnoll.
You kill the gnoll!
You block the gnoll's attack. The gnoll closely misses you.
The gnoll hits you with a +0 club. The gnoll hits you with a +0 spear.
The gnoll hits you with a +0 club. You block the gnoll's attack.
You feel very mighty all of a sudden. The gnoll hits you with a +0 spear!
You die...

#.# #.#
#.###########
#.##........#
########.##.####.###
#...........# #.#
#...........# #.#
#..#)#......# #.#
#..g@......# #.#
#.#g#g.....# #.### #
#........$.#
##...###
############
#..#..#. #.###...
#..#.... #.......
#...#.## ##....##


You could see 3 gnolls.

Vanquished Creatures
  A gnoll (D:2)
  2 dart slugs (D:1)
  2 bats
  An endoplasm (D:1)
  4 giant cockroaches (D:1)
  3 goblins (D:1)
  2 hobgoblins (D:1)
  3 jackals (D:1)
  3 quokkas (D:1)
  5 kobolds
  A rat (D:1)
27 creatures vanquished.

Notes
Turn   | Place    | Note
-------+----------+-------------------------------------------
     0 | D:1      | Ijustatesigmund the Octopode Fighter began the quest for
                  | the Orb.
     0 | D:1      | Reached XP level 1. HP: 16/16 MP: 1/1
   199 | D:1      | Reached XP level 2. HP: 19/21 MP: 2/2
   747 | D:1      | Found a faded altar of an unknown god.
   852 | D:1      | Reached XP level 3. HP: 25/26 MP: 3/3
  1166 | D:2      | Slain by a gnoll

Illustrated notes

Levels and vault maps discovered:
D:1:      minmay_arrival_three_doors, layout_basic,
          hellmonk_ecumenical_altar_zigzags, minmay_misc_feat_x, hex_medium,
          minivault_25
D:2:      layout_basic, serial_glass, glass_columns_c, glass_columns_a,
          minmay_strange_pillars, feat_on_display, feat_on_display,
          serial_bayou_ford_a, chequers_serial_rivers_marsh

Action                   || total
-------------------------++-------
Melee: War axe           ||    41
       Constrict         ||    11
       Tentacles         ||     4
  Use: Potion            ||     1
 Stab: Sleeping          ||     3
Armor: Skin              ||     4
Dodge: Dodged            ||    18
Block: Kite shield       ||    18

Table legend: (Time is in decaauts)
 A = Elapsed time spent in this place.
 B = Non-inter-level travel time spent in this place.
 C = Inter-level travel time spent in this place.
 D = Time resting spent in this place.
 E = Time spent auto-exploring this place.
 F = Levels seen in this place.
 G = Mean time per level.
                   A        B        C        D        E       F      G
               +--------+--------+--------+--------+--------+-----+--------+
         Total |   1189 |   1186 |      3 |      0 |   1030 |   2 |  594.5 |
       Dungeon |   1189 |   1186 |      3 |      0 |   1030 |   2 |  594.5 |
               +--------+--------+--------+--------+--------+-----+--------+

Top non-repeatable levels by time:
     D:1: 1114 daAuts
     D:2: 75 daAuts
